cohdb
Replays
Latest Replays
All Replays
Popular Replays
Top Player Replays
Match Explorer
How It Works
Community
CoH3 Stats
Reddit
Sign in to upload your games and track your stats! →
Sign in with Steam
Match 34523425
Unlisted
Match 34523425
Overview
Messages
Build Orders
End
Kettenkrad Recon Vehicle
Selects Italian Coastal Battlegroup
Selects Coastal Reserves
Coastal Reserve
Construct Infanterie Kompanie
Grenadier Squad
Infanterie Officer Quarters
Selects Artillery Officer
Artillery Officer
Construct Panzergrenadier Kompanie
MG 42 Bunker
Panzergrenadier Squad
Construct Panzer Kompanie
Forward Retreat Point
Selects Obice da 210/22 Artillery Emplacement
Medical Bunker
Panzer Officer Quarters
Stoßtruppen Squad
Stoßtruppen Squad
Selects Designate Defensive Line
Selects Designated Artillery Overwatch
Medical Bunker
Pioneer Squad
Panzer IV Medium Tank
Panzer IV Medium Tank
Side Skirts
Panzer IV Medium Tank
Selects Call the Reserves!
--==[ ZaiS ]==--
顽皮小龟仔
Stark -_-
Decoy
Gabe_Real
affemitwaffe
Turtleboy
ReffRydaz
0
0
Comments
sign in to comment!
No comments posted yet!